 Dungeon Crawl Stone Soup version 0.32-a0-450-g080537f31e (webtiles) character file.

Game seed: 1171724801664305798

4935 T4S the Grappler (level 10, -19/98 HPs)
             Began as an Oni Shapeshifter on Feb 24, 2024.
             Was an Initiate of Gozag.
             Demolished by an orc warrior
             ... wielding a +0 war axe
              (24 damage)
             ... in a bailey.
             The game lasted 00:20:20 (8952 turns).

T4S the Grappler (Oni Shapeshifter)                 Turns: 8952, Time: 00:20:21

Health: -19/98     AC:  1    Str: 20    XL:     10   Next: 52%
Magic:  10/10      EV: 15    Int: 11    God:    Gozag
Gold:   672        SH:  0    Dex: 12    Spells: 9/9 levels left

rFire   + .          .
                       - Unarmed
rCold   + . .        (shield currently unavailable)
rNeg    + . .        a - melded +0 animal skin
rPois   +            (helmet restricted)
rElec   +            (no cloak)
rCorr   +            (gloves unavailable)
SInv    .            (boots unavailable)
Will    +....        (no amulet)
Stlth   +            n - ring of positive energy
HPRegen 0.36/turn    y - ring of resist corrosion
MPRegen 0.12/turn

%: no passive effects
@: mighty, flux-form, resistant, gold aura, glowing
A: glow, contaminating, large, unfitting armour, horns 1, tough skin 1, double
potion healing, drunken brawling
a: Begin Untransformation, Renounce Religion, Potion Petition, Call Merchant,
Bribe Branch


You were in a bailey.
You worshipped Gozag.
Gozag was pleased with you.
You were something dangerously unstable.
You visited 2 branches of the dungeon, and saw 8 of its levels.
You also visited: Ossuary and Bailey.

You collected 1343 gold pieces.
You paid 671 gold pieces to Gozag.

Inventory:

Missiles
 d - 8 poisoned darts (quivered)
 j - a curare-tipped dart
Armour
 a - a +0 animal skin (melded)
 l - a +0 pair of gloves
Jewellery
 n - a ring of positive energy (left hand)
 y - a ring of resist corrosion (right hand)
Wands
 c - a wand of iceblast (5)
 f - a wand of acid (6)
Scrolls
 i - 2 scrolls of immolation
 k - 6 scrolls of poison
 o - a scroll of silence {unknown}
 p - a scroll of fear {unknown}
 q - 3 scrolls of enchant armour {unknown}
 r - 3 scrolls of amnesia
 s - a scroll of summoning {unknown}
 t - a scroll of vulnerability {unknown}
 w - a scroll of noise {unknown}
 x - a scroll of fog {unknown}
Potions
 b - a potion of attraction
 e - 2 potions of enlightenment
 g - 2 potions of mutation
 h - 3 potions of curing
 m - 3 potions of haste
 u - a potion of magic {unknown}
 v - a potion of berserk rage {unknown}
 z - a potion of degeneration {unknown}


   Skills:
 + Level 6.3 Fighting
 - Level 3.0 Maces & Flails
 + Level 5.6 Dodging
 + Level 2.1 Stealth
 - Level 10.0 Unarmed Combat
 - Level 7.0 Shapeshifting


You had 9 spell levels left.
You didn't know any spells.
Your spell library contained the following spells:

 Spells                   Type           Power      Damage    Failure   Level
 Frozen Ramparts          Ice            0%         1d1       71%         3
 Tukima's Dance           Hex            0%         N/A       71%         3
 Leda's Liquefaction      Alch/Erth      0%         N/A       98%         4
 Passage of Golubria      Tloc           0%         N/A       98%         4
 Petrify                  Alch/Erth      0%         N/A       98%         4
 Metabolic Englaciation   Hex/Ice        0%         N/A       100%        5
 Yara's Violent Unravell  Hex/Alch       0%         3d3       100%        5


Dungeon Overview and Level Annotations

Branches:
Dungeon (7/15)             Temple (1/1) D:4         Ossuary (visited)
 Bailey (1/1)

Altars:
Cheibriados
Dithmenos
Elyvilon
Fedhas
Gozag
Hepliaklqana
Makhleb
Nemelex Xobeh
Okawaru
Qazlal
Ru
Sif Muna
Trog
Uskayaw
Wu Jian
Xom
Zin
The Shining One

Shops:
D:3 !(:(:   D:4 :

Annotations:
D:5 3 runed translucent doors, ggggg's ghost, novice CoFi


Innate Abilities, Weirdness & Mutations

You are something dangerously unstable.
You glow with magical radiation, making you easy to see and hit.
Foes you strike become dangerously contaminated with magical radiation.
You are incapable of wielding weapons or throwing items.
You are too large for most types of armour.
You have a pair of small horns on your head.
You have tough skin. (AC +1)
You gain doubled healing and magic from potions.
Whenever you drink a healing potion, you attack all around you.


Message History

The orc warlord hits you with a +6 battleaxe!!
You completely miss the orc warlord. You headbutt the orc warlord.
The orc warlord is heavily wounded.
The orc warlord closely misses you.
You barely miss the orc warlord.
The orc warlord is heavily wounded.
The orc warlord hits you with a +6 battleaxe.
You barely miss the orc warlord.
The orc warlord is heavily wounded.
You hit the orc warlord but do no damage.
The orc warlord shudders as magic cascades through it.
The orc warlord twists and deforms.
You headbutt the orc warlord.
The orc warlord is severely wounded.
The orc warlord barely misses you. [a] - 594 gold - heal wounds, curing, resistance and might [b] - 400 gold - heal wounds, curing and magic [c] - 280 gold - haste Purchase which effect?
You no longer have enough gold to fund merchants seeking to open stores in the dungeon.
You feel much better.
You feel better.
You feel protected.
You feel very mighty all of a sudden. The orc warrior closely misses you.
The orc warlord barely misses you.
You punch the orc warlord!
The orc warlord begins to glow.
You headbutt the orc warlord!
The orc warlord is severely wounded.
The orc warrior barely misses you.
The orc warlord hits you with a +6 battleaxe!!
You punch the orc warlord!
The orc warlord glows dangerously bright.
The orc warlord is almost dead.
The orc warrior hits you with a +0 war axe!!
The orc warlord hits you with a +6 battleaxe!!
* * * LOW HITPOINT WARNING * * *
Unknown command.
You punch the orc warlord!
The orc warlord shudders as magic cascades through it!
You kill the orc warlord!
The orc warrior hits you with a +0 war axe!!
You die...
Your body crumbles into a pile of gold.

### ## ###.### ###.
###.....### ###...
##.........###.....
#.$.........#[.....
#.p$......)))......
#$)o..⌠.....#))...⌠
#.).........#)))...
#.).........#...).)
##.).......###.....
#'#.....### ###...
#.....###.### ###.
#?....... ### ##
!!........ #


You could see an orc warrior (strong).

Vanquished Creatures
  An orc warlord (Bailey)
  A kobold demonologist (D:6)
  Grinder (D:4)
  A water moccasin (D:5)
  13 orc warriors (Bailey)
  An ice beast (D:6)
  A sky beast (D:6)
  2 black bears
  3 ogres
  2 phantoms
  2 centaurs (D:6)
  3 kobold brigands
  A bullfrog (D:5)
  A water moccasin zombie (Ossuary)
  5 scorpions
  A gnoll sergeant (D:4)
  A wight (Ossuary)
  4 bombardier beetles
  A howler monkey (D:4)
  2 bullfrog zombies (Ossuary)
  3 centaur zombies (Ossuary)
  6 hounds
  An orc priest (D:4)
  A gnoll bouda (D:6)
  A scorpion zombie (Ossuary)
  3 sleepcaps
  Jessica (D:3)
  4 iguanas
  Ijyb (D:3)
  Natasha (thrice) (D:3)
  6 orc wizards
  2 ogre zombies (Ossuary)
  8 adders
  13 gnolls
  3 shadow imps
  A white imp (D:6)
  7 adder zombies (Ossuary)
  3 ribbon worms
  6 dart slugs
  15 orcs
  11 bats
  3 endoplasms
  2 giant cockroaches
  3 gnoll zombies (Ossuary)
  29 goblins
  13 hobgoblins
  A jackal (D:1)
  4 quokkas
  7 ball pythons
  4 frilled lizards
  2 hobgoblin zombies (Ossuary)
  13 kobolds
  3 orc zombies (Ossuary)
  7 rats
237 creatures vanquished.

Notes
Turn   | Place    | Note
-------+----------+-------------------------------------------
     0 | D:1      | T4S the Oni Shapeshifter began the quest for the Orb.
     0 | D:1      | Reached XP level 1. HP: 19/19 MP: 1/1
    66 | D:1      | Reached skill level 1 in Maces & Flails
   128 | D:1      | Reached XP level 2. HP: 27/27 MP: 2/2
   333 | D:1      | Reached XP level 3. HP: 32/33 MP: 3/3
   837 | D:2      | Reached skill level 3 in Unarmed Combat
   837 | D:2      | Reached XP level 4. HP: 40/41 MP: 4/4
   881 | D:2      | Found a faded altar of an unknown god.
  1115 | D:2      | You fall into a shaft and drop 1 floor!
  1115 | D:3      | Found an ornate altar of the Wu Jian Council.
  1163 | D:3      | Found a sacrificial altar of Ru.
  1171 | D:3      | Noticed Ijyb
  1183 | D:3      | Killed Ijyb
  1184 | D:3      | Reached XP level 5. HP: 39/48 MP: 5/5
  1821 | D:3      | Noticed Jessica
  1823 | D:3      | Noticed Natasha
  1826 | D:3      | Killed Jessica
  1830 | D:3      | Killed Natasha
  1831 | D:3      | Reached skill level 4 in Unarmed Combat
  1886 | D:3      | Found Joggued's Weapon Emporium.
  1964 | D:3      | Found a white marble altar of Elyvilon.
  2015 | D:3      | Found Neimu's Book Emporium.
  2061 | D:3      | Found Ifojeh's Distillery.
  2189 | D:3      | Noticed Natasha
  2190 | D:3      | Found Vaiph's Antique Weapon Boutique.
  2193 | D:3      | Killed Natasha
  2194 | D:3      | Reached XP level 6. HP: 55/55 MP: 6/6
  2207 | D:3      | Found Aburos's Book Boutique.
  2377 | D:3      | Noticed Natasha
  2384 | D:3      | Killed Natasha
  2505 | D:4      | Found a shimmering blue altar of Sif Muna.
  2685 | D:4      | Reached skill level 5 in Shapeshifting
  2685 | D:4      | Reached XP level 7. HP: 49/62 MP: 7/7
  2773 | D:4      | Reached skill level 5 in Unarmed Combat
  2861 | D:4      | Noticed Grinder
  2873 | D:4      | Paralysed by Grinder for 3 turns
  2879 | D:4      | Killed Grinder
  3338 | D:4      | Found Fabiro's Tremendous Tomes.
  3410 | D:4      | Found a staircase to the Ecumenical Temple.
  3422 | Temple   | Entered the Ecumenical Temple
  3447 | Temple   | Became a worshipper of Gozag Ym Sagoz the Greedy
  3559 | D:4      | Reached XP level 8. HP: 59/70 MP: 8/8
  3900 | D:5      | Entered Level 5 of the Dungeon
  4868 | D:5      | Reached skill level 6 in Unarmed Combat
  5094 | D:5      | Identified the +4 short sword "Genenu" {chaos, ^Fragile
                  | +Blink rN+ Dex+7}
  5111 | D:5      | Found a runed translucent gate.
  5111 | D:5      | Found a runed translucent gate.
  5111 | D:5      | Found a runed translucent gate.
  5266 | D:5      | Found a large runed translucent door.
  5266 | D:5      | Found a large runed translucent door.
  5270 | D:5      | Found a shimmering altar of Xom.
  5318 | D:5      | Reached XP level 9. HP: 64/85 MP: 9/9
  5510 | D:5      | Noticed ggggg's ghost (novice CoFi)
  5734 | D:6      | Found a sand-covered staircase.
  5738 | Ossuary  | Entered an ossuary
  5958 | Ossuary  | Reached skill level 5 in Fighting
  5989 | Ossuary  | Reached skill level 7 in Unarmed Combat
  6279 | Ossuary  | Noticed a silent spectre
  7012 | D:6      | Reached skill level 8 in Unarmed Combat
  7346 | D:6      | Reached skill level 5 in Dodging
  7388 | D:6      | Noticed a kobold demonologist
  7406 | D:6      | Killed a kobold demonologist
  7407 | D:6      | Reached skill level 9 in Unarmed Combat
  7427 | D:6      | Reached XP level 10. HP: 23/96 MP: 10/10
  8135 | D:7      | Found a flagged portal.
  8142 | Bailey   | Entered a bailey
  8485 | Bailey   | Reached skill level 10 in Unarmed Combat
  8506 | Bailey   | Reached skill level 1 in Stealth
  8935 | Bailey   | Noticed an orc warlord
  8952 | Bailey   | Killed an orc warlord
  8952 | Bailey   | Demolished by an orc warrior

Illustrated notes

Levels and vault maps discovered:
D:1:      shiori_arrival_oz, layout_basic, minmay_unequal
D:2:      layout_loops_ring, nicolae_ecumenical_pavilion
D:3:      layout_loops_ring, nicolae_wu_jian_immortal_techniques,
          nicolae_ru_sacrificial_ziggurat, elyvilon_altar_5, serial_shops, shop,
          shop, shop, shop, shop, uniq_jessica, uniq_ijyb, uniq_natasha
D:4:      layout_basic, mainiacjoe_overflow_small_starburst,
          minmay_temple_entry_overgrown, nicolae_shop_i_like_big_books,
          uniq_grinder
D:5:      due_chaos_kobolds, layout_rooms, gammafunk_ghost_icy
D:6:      layout_cave_pools, enter_ossuary_5, minmay_divided_ellipse
D:7:      layout_loops_ring, mainiacjoe_overflow_six_doors_small,
          enter_bailey_3, chequers_serial_rivers_small_a,
          hangedman_decor_clover_reticule, patterned_corridor
Temple:   nicolae_temple_superstar
Bailey:   bailey_axe_minmay_hex_keep, bailey

Skill      XL: |  1  2  3  4  5  6  7  8  9 10 |
---------------+-------------------------------+-----
Maces & Flails | 1 2 3 |  3.0
Unarmed Combat | 3 4 5 6 9 10 | 10.0
Shapeshifting  | 4 5 6 7 |  7.0
Dodging        | 3 5 |  5.6
Fighting       | 4 5 6 |  6.3
Stealth        | 2 |  2.1

Action                     |  1- 3 |  4- 6 |  7- 9 | 10-12 || total
---------------------------+-------+-------+-------+-------++-------
  Melee: Whip              |    60 |   101 |       |       ||   161
         Unarmed           |     3 |     3 |   421 |   180 ||   607
         Headbutt          |    11 |    17 |   109 |    44 ||   181
 Invoke: Potion Petition   |       |       |       |     1 ||     1
  Evoke: Wand              |       |       |       |     5 ||     5
    Use: Potion            |       |     2 |     2 |     5 ||     9
         Scroll            |       |       |     9 |     2 ||    11
   Stab: Distracted        |       |       |     1 |     1 ||     2
 Armour: Animal skin       |    33 |    72 |       |       ||   105
         Skin              |       |     1 |   254 |    60 ||   315
  Dodge: Dodged            |    17 |    42 |   301 |    76 ||   436
   Form: Flux              |       |     1 |       |       ||     1

Table legend: (Time is in decaauts)
 A = Elapsed time spent in this place.
 B = Non-inter-level travel time spent in this place.
 C = Inter-level travel time spent in this place.
 D = Time resting spent in this place.
 E = Time spent auto-exploring this place.
 F = Levels seen in this place.
 G = Mean time per level.
                   A        B        C        D        E       F      G
               +--------+--------+--------+--------+--------+-----+--------+
         Total |   8855 |   8505 |    350 |   1400 |   5555 |  10 |  885.5 |
       Dungeon |   7463 |   7161 |    302 |   1150 |   4823 |   7 | 1066.1 |
        Temple |     50 |      2 |     48 |      0 |      0 |   1 |   50.0 |
       Ossuary |    575 |    575 |      0 |      0 |    441 |   1 |  575.0 |
        Bailey |    766 |    766 |      0 |    249 |    291 |   1 |  766.0 |
               +--------+--------+--------+--------+--------+-----+--------+

Top non-repeatable levels by time:
     D:4: 1984 daAuts
     D:5: 1511 daAuts
     D:6: 1459 daAuts
     D:3: 825 daAuts
     D:1: 816 daAuts
     D:2: 811 daAuts
  Bailey: 766 daAuts
 Ossuary: 575 daAuts
     D:7: 53 daAuts
  Temple: 50 daAuts
